 Dungeon Crawl Stone Soup version 0.24-a0-412-ge138f7e (webtiles) character file.

Game seed: 9210796271438601957

146 Deathlysoul the Skirmisher (level 5, -2/47 HPs)
             Began as a Minotaur Fighter on June 7, 2019.
             Slain by an ogre
             ... wielding a +0 giant club
              (14 damage)
             ... on level 5 of the Dungeon.
             The game lasted 00:02:18 (1486 turns).

Deathlysoul the Skirmisher (Minotaur Fighter)       Turns: 1486, Time: 00:02:19

Health: -2/47      AC:  7    Str: 21    XL:     5   Next: 7%
Magic:  4/4        EV:  7    Int:  5    God:
Gold:   96         SH:  9    Dex: 10    Spells: 4/4 levels left

rFire    . . .     SeeInvis .   a - +0 flail
rCold    . . .     Gourm    .   c - +0 shield
rNeg     . . .     Faith    .   b - +0 scale mail
rPois    .         Spirit   .   (helmet restricted)
rElec    .         Reflect  .   (no cloak)
rCorr    .         Harm     .   (no gloves)
MR       .....                  (no boots)
Stlth    ..........             (no amulet)
HPRegen  0.15/turn              (no ring)
MPRegen  0.09/turn              (no ring)

@: no status effects
A: retaliatory headbutt, horns 2
a: no special abilities


You were on level 5 of the Dungeon.
You were not hungry.

You visited 1 branch of the dungeon, and saw 4 of its levels.

You collected 96 gold pieces.

Inventory:

Hand Weapons
 a - a +0 flail (weapon)
Armour
 b - a +0 scale mail (worn)
 c - a +0 shield (worn)
Jewellery
 l - an uncursed ring of magical power {unknown}
Scrolls
 e - 3 scrolls of identify {unknown}
 h - a scroll of magic mapping {unknown}
 i - 4 scrolls of remove curse {unknown}
 k - a scroll of blinking {unknown}
 n - a scroll of teleportation {unknown}
 o - a scroll of fear {unknown}
Potions
 d - a potion of might
 j - a potion of heal wounds {unknown}
 m - a potion of flight {unknown}
 p - 3 potions of haste {unknown}
 q - a potion of agility {unknown}
 r - a potion of brilliance {unknown}
Comestibles
 f - 5 rations
 g - 9 chunks of flesh


   Skills:
 * Level 4.7 Fighting
 * Level 3.8 Maces & Flails
 * Level 4.6 Armour
 * Level 4.6 Shields


You had 4 spell levels left.
You didn't know any spells.
Your spell library was empty.

Dungeon Overview and Level Annotations

Branches:
Dungeon (3/15)

Altars:
Dithmenos
Elyvilon
Trog
Uskayaw

Annotations:
D:3 1 runed translucent door, Crazy Yiuf


Innate Abilities, Weirdness & Mutations

You reflexively headbutt those who attack you in melee.
You have a pair of horns on your head.


Message History

The ogre is heavily wounded.
The sky beast hits you. The sky beast shocks you. The ogre closely misses you.
Your shield prevents you from hitting the ogre.
The ogre is heavily wounded.
The sky beast hits you. The sky beast shocks you.
The ogre hits you with a +0 giant club. The sky beast hits you.
The sky beast shocks you.
You thump the ogre!
The ogre is severely wounded.
The ogre hits you with a +0 giant club!
* * * LOW HITPOINT WARNING * * *
The sky beast barely misses you.
You hit the ogre.
The ogre is almost dead.
You block the sky beast's attack. You block the ogre's attack.
You hit the sky beast.
The sky beast is lightly wounded.
The sky beast hits you but does no damage.
The ogre hits you with a +0 giant club!
You die...

#.......# #.8.8.8..
### #........ ....
#........ .....
####....%.#
......##.......)_#
.....lO@Y......!.#.
......##...$.......
..... #...........
.!.. #....8.8.8.[
... #........... ..
#.....##.... .
#####.# .... .# ...
.# ..


You could see a sky beast, an ogre and a leopard gecko.

Vanquished Creatures
  An orc priest (D:3)
  A hound zombie (D:3)
  3 adders
  2 oozes
  2 worms
  2 dart slugs (D:2)
  5 leopard geckos
  5 orcs (D:3)
  A ball python (D:1)
  A giant cockroach (D:3)
  3 hobgoblins
  2 quokkas
  6 bats
  7 frilled lizards
  2 goblins
  7 kobolds
  3 rats
53 creatures vanquished.

Notes
Turn   | Place    | Note
-------+----------+-------------------------------------------
     0 | D:1      | Deathlysoul the Minotaur Fighter began the quest for the
                  | Orb.
     0 | D:1      | Reached XP level 1. HP: 19/19 MP: 0/0
    80 | D:1      | Reached XP level 2. HP: 25/27 MP: 1/1
   487 | D:2      | Reached XP level 3. HP: 31/33 MP: 2/2
   797 | D:2      | Found a shadowy altar of Dithmenos.
   841 | D:2      | Found a white marble altar of Elyvilon.
  1045 | D:3      | Found a faded altar of an unknown god.
  1112 | D:3      | Reached XP level 4. HP: 41/41 MP: 3/3
  1328 | D:3      | Found a bloodstained altar of Trog.
  1361 | D:3      | Found a runed translucent door.
  1362 | D:3      | Noticed Crazy Yiuf
  1413 | D:3      | Reached XP level 5. HP: 43/47 MP: 4/4
  1472 | D:3      | You fall into a shaft and drop 2 floors!
  1472 | D:5      | Entered Level 5 of the Dungeon
  1472 | D:5      | Found a hide-covered altar of Uskayaw.
  1473 | D:5      | Noticed a sky beast
  1479 | D:5      | Noticed an ogre
  1486 | D:5      | Slain by an ogre

Levels and vault maps discovered:
D:1:      dpeg_arrival_round_b, layout_rooms
D:2:      layout_rooms, marbit_many_paths, grunt_dithmenos_smoke_and_mirrors,
          first_ration
D:3:      layout_basic, lightli_temple_of_fire,
          chequers_ecumenical_altar_island, uniq_crazy_yiuf_cottage
D:5:      layout_basic, kennysheep_mini_moat, overflow_temple_1_default,
          eat_drink_and_be_merry_uskayaw, serial_shops, shop, trog_wizard,
          uniq_edmund

Skill      XL: |  1  2 |
---------------+-------+-----
Fighting       | 4 |  4.7
Armour         | 4 |  4.6
Maces & Flails | 3 |  3.8
Shields        | 4 |  4.6

Action                   |  1- 3 |  4- 6 || total
-------------------------+-------+-------++-------
Melee: Flail             |    75 |    64 ||   139
       Headbutt          |     8 |     6 ||    14
  Eat: Chunk             |     1 |     1 ||     2
Armor: Scale mail        |    38 |    31 ||    69
Dodge: Dodged            |    19 |    26 ||    45
Block: Shield            |    30 |    40 ||    70

Table legend:
 A = Non-vault XP
 B = Vault XP
 C = Vault XP percentage of total XP
 D = Non-vault monster count
 E = Vault monster count
 F = Vault count percentage of total count
                 A         B        C        D         E       F
            +---------+---------+-------+---------+---------+-------
      Total |     208 |       1 |   0.5 |      52 |       1 |   1.9
            +---------+---------+-------+---------+---------+-------
        D:1 |      25 |       0 |   0.0 |      14 |       0 |   0.0
        D:2 |      55 |       1 |   1.8 |      14 |       1 |   6.7
        D:3 |     128 |       0 |   0.0 |      24 |       0 |   0.0
            +---------+---------+-------+---------+---------+-------
